 Dungeon Crawl Stone Soup version 0.19.1-1-g22dce08 (webtiles) character file.

4911 theAP the Basher (level 10, -5/102 HPs)
             Began as a Gargoyle Fighter on Jan 3, 2017.
             Was a Believer of Ashenzari.
             Slain by an orc warrior
             ... wielding a +0 halberd
              (7 damage)
             ... on level 9 of the Dungeon.
             The game lasted 00:27:12 (8296 turns).

theAP the Basher (Gargoyle Fighter)                 Turns: 8296, Time: 00:27:12

Health: -5/102     AC: 25    Str: 22    XL:     10   Next: 51%
Magic:  10/10      EV:  2    Int: 15    God:    Ashenzari [**....]
Gold:   162        SH:  9    Dex:  9    Spells: 0 memorised, 9 levels left

rFire  . . .     SeeInvis .     j - +3 whip (freeze) (curse)
rCold  . . .     Gourm    +     (armour currently unavailable)
rNeg   + + +     Faith    .     c - +0 shield (curse)
rPois  ∞         Spirit   .     (helmet currently unavailable)
rElec  .         Reflect  .     (cloak currently unavailable)
rCorr  .         Harm     .     (gloves currently unavailable)
MR     .....     NoTele   +     (boots currently unavailable)
Stlth  +.........               t - amulet of the gourmand (curse)
                                x - +2 ring of evasion (curse)
                                w - +5 ring of intelligence

@: tree-form
A: negative energy resistance 1, (electricity resistance), (unbreathing),
petrification resistance, rot immunity, AC +7
a: Curse Item, Scrying, Renounce Religion


You were on level 9 of the Dungeon.
You worshipped Ashenzari.
Ashenzari was pleased with you.
You were full.
You were a tree.
You visited 2 branches of the dungeon, and saw 10 of its levels.

You collected 539 gold pieces.
You spent 377 gold pieces at shops.

Inventory:

Hand Weapons
 a - a +0 flail
 j - a cursed +3 whip of freezing (weapon)
 D - a +0 flail
Armour
 b - a +0 scale mail
 c - a cursed +0 shield (worn)
 k - a cursed +2 plate armour (melded)
 o - a +0 buckler
 p - a cursed +0 helmet (melded)
Jewellery
 l - a cursed ring of wizardry
 t - a cursed amulet of the gourmand (around neck)
 w - a +5 ring of intelligence (left branch)
 x - a cursed +2 ring of evasion (right branch)
 z - an uncursed ring of wizardry
 B - an uncursed ring of protection from fire
 L - a cursed -3 ring of strength
 P - a +3 ring of strength
Wands
 u - a wand of slowing (46/48)
 y - a wand of acid (0/15)
 O - a wand of teleportation (2/9)
Scrolls
 n - a scroll of amnesia
 C - a scroll of remove curse
 F - a scroll of teleportation
 H - a scroll of fog
 M - a scroll of brand weapon {unknown}
Potions
 d - 4 potions of might
 e - a potion of brilliance
 g - 5 potions of resistance
 i - 2 potions of degeneration
 m - 3 potions of cure mutation
 q - 5 potions of flight
 r - a potion of cancellation
 v - 2 potions of agility
 G - a potion of berserk rage
Books
 h - a book of Geomancy

   Spells                             Type                      Level
   a - Sandblast                      Earth                        1
   b - Passwall                       Transmutation/Earth          2
   c - Stone Arrow                    Conjuration/Earth            3
   d - Petrify                        Transmutation/Earth          4
   e - Lee's Rapid Deconstruction     Earth                        5
 J - a book of Fire

   Spells                             Type                      Level
   a - Ignite Poison                  Fire/Transmutation/Poison    3
   b - Fireball                       Conjuration/Fire             5
   c - Bolt of Fire                   Conjuration/Fire             6
   d - Delayed Fireball               Conjuration/Fire             7
   e - Ring of Flames                 Charms/Fire                  7
Comestibles
 f - 7 bread rations
 s - 2 meat rations
 E - a beef jerky
 I - a royal jelly
 K - 2 fruits


   Skills:
 + Level 9.9 Fighting
 * Level 12.3(14.3) Maces & Flails
 - Level 3.5 Armour
 - Level 3.4(4.7) Shields


You had 9 spell levels left.
You didn't know any spells.

Dungeon Overview and Level Annotations

Branches:
Dungeon (9/15)             Temple (1/1) D:4             Orc (0/2) D:9
   Lair: D:8-11

Altars:
Ashenzari
Cheibriados
Dithmenos
Elyvilon
Fedhas
Gozag
Hepliaklqana
Kikubaaqudgha
Makhleb
Nemelex Xobeh
Okawaru
Qazlal
Ru
Sif Muna
Trog
Uskayaw
Vehumet
Xom
Yredelemnul
Zin
The Shining One
Beogh

Shops:
D:6 ?   D:8 =

Annotations:
D:7 exclusion: ice statue


Innate Abilities, Weirdness & Mutations

You are resistant to torment.
((Your stone body is resilient. (AC +7)))
You are immune to poison.
You resist negative energy. (rN+)
((You are resistant to electric shocks. (rElec)))
((You can survive without breathing.))
You are immune to petrification.
You are immune to rotting.


Message History

You whack the orc wizard! You freeze the orc wizard.
You kill the orc wizard!
Okay, then.
You hit the worker ant zombie.
The worker ant zombie is lightly damaged.
The orc hits you but does no damage.
The worker ant zombie bites you but does no damage.
The orc hits you but does no damage.
You whack the worker ant zombie!
The worker ant zombie is moderately damaged.
You block the orc warrior's attack.
You whack the worker ant zombie! You freeze the worker ant zombie.
The worker ant zombie is almost destroyed.
You block the orc's attack.
The worker ant zombie bites you but does no damage.
The orc hits you but does no damage.
You whack the worker ant zombie!
You destroy the worker ant zombie!
The orc warrior hits you from afar with a halberd!
You die...

## ####### ,
...##.....## *
...........##
,,......o.....#
* ,
......)oo...# *
......)♣....# ,
, ............#
, ............#
............# ,
...........## ,
...##.....##
.## ####### *


You could see an orc warrior and 2 orcs.

Vanquished Creatures
  The ghost of theAP the Basher, a novice GrFi of Ashenzari (D:8)
  Pikel (D:5)
  A hippogriff (D:9)
  Prince Ribbit (D:5)
  A wyvern (D:8)
  A human (D:5)
  Duvessa (D:4)
  2 orc warriors
  3 phantoms
  5 ogres
  3 centaurs
  5 bullfrogs
  A water moccasin zombie (D:6)
  Dowan (D:4)
  A scorpion (D:6)
  5 killer bees (D:9)
  6 wights (D:8)
  A bullfrog zombie (D:5)
  2 crimson imps
  2 centaur skeletons (D:4)
  5 orc priests
  7 hounds
  5 orc wizards
  A bullfrog skeleton (D:4)
  5 worker ants
  A killer bee zombie (D:6)
  2 hound zombies
  A hound skeleton (D:8)
  A worker ant zombie (D:9)
  9 adders
  3 shadow imps
  An ooze (D:2)
  2 adder skeletons
  5 worms
  3 dart slugs
  4 leopard geckos
  37 orcs
  7 giant cockroaches
  3 hobgoblins
  5 kobolds
  3 quokkas
  2 ball pythons
  9 bats
  2 frilled lizards
  6 goblins
  A jackal zombie (D:5)
  A kobold zombie (D:5)
  8 rats
183 creatures vanquished.

Vanquished Creatures (others)
  An orc wizard (D:6)
  An orc (D:5)
  A frilled lizard (D:5)
3 creatures vanquished.

Grand Total: 186 creatures vanquished

Notes
Turn   | Place    | Note
-------+----------+-------------------------------------------
     0 | D:1      | theAP the Gargoyle Fighter began the quest for the Orb.
     0 | D:1      | Reached XP level 1. HP: 14/14 MP: 1/1
    82 | D:1      | Reached XP level 2. HP: 15/19 MP: 2/2
   597 | D:2      | Reached XP level 3. HP: 14/23 MP: 3/3
   608 | D:2      | Found a blossoming altar of Fedhas.
   661 | D:2      | Reached skill level 3 in Maces & Flails
   780 | D:2      | Reached XP level 4. HP: 29/29 MP: 4/4
   936 | D:2      | Found a snail-covered altar of Cheibriados.
   994 | D:2      | Found a shadowy altar of Dithmenos.
  1396 | D:3      | Reached XP level 5. HP: 11/34 MP: 5/5
  1614 | D:3      | Reached skill level 4 in Maces & Flails
  2067 | D:3      | Found a faded altar of an unknown god.
  2067 | D:3      | Found a faded altar of an unknown god.
  2076 | D:3      | Found a faded altar of an unknown god.
  2079 | D:3      | Found a faded altar of an unknown god.
  2081 | D:3      | Found a glowing silver altar of Zin.
  2297 | D:4      | Reached XP level 6. HP: 37/40 MP: 6/6
  2363 | D:4      | Found a basalt altar of Yredelemnul.
  2363 | D:4      | Found a deep blue altar of Sif Muna.
  2518 | D:4      | Found a staircase to the Ecumenical Temple.
  2531 | Temple   | Entered the Ecumenical Temple
  2609 | Temple   | Became a worshipper of Ashenzari the Shackled
  2676 | D:4      | Reached skill level 5 in Fighting
  2676 | D:4      | Reached skill level 5 in Maces & Flails
  2777 | D:4      | Noticed Duvessa
  2777 | D:4      | Noticed Dowan
  2789 | D:4      | Killed Duvessa
  2809 | D:4      | Killed Dowan
  2839 | D:4      | Noticed a phantom
  2862 | D:4      | Killed a phantom
  2862 | D:4      | Reached skill level 6 in Maces & Flails
  2862 | D:4      | Reached XP level 7. HP: 39/44 MP: 7/7
  3031 | D:4      | Found a hide-covered altar of Uskayaw.
  3292 | D:5      | Entered Level 5 of the Dungeon
  3375 | D:5      | Found a runed door.
  3375 | D:5      | Noticed a human
  3381 | D:5      | Found a basalt altar of Yredelemnul.
  3435 | D:5      | Noticed Prince Ribbit
  3441 | D:5      | Killed a human
  3441 | D:5      | Reached skill level 7 in Maces & Flails
  3621 | D:4      | Reached XP level 8. HP: 11/52 MP: 8/8
  4285 | D:5      | Killed Prince Ribbit
  4285 | D:5      | Reached skill level 8 in Maces & Flails
  4495 | D:5      | Found a glowing golden altar of the Shining One.
  4510 | D:5      | Noticed Pikel
  4533 | D:5      | Killed Pikel
  4533 | D:5      | Reached skill level 9 in Maces & Flails
  4533 | D:5      | Reached XP level 9. HP: 50/59 MP: 9/9
  5277 | D:6      | Found Iwul's Magic Scroll Shoppe.
  5295 | D:6      | Bought a scroll of remove curse for 42 gold pieces
  5295 | D:6      | Bought a scroll of remove curse for 42 gold pieces
  5295 | D:6      | Bought a scroll of remove curse for 42 gold pieces
  5316 | D:6      | Reached skill level 10 in Maces & Flails
  5358 | D:6      | Reached * piety under Ashenzari
  5475 | D:6      | Found a stormy altar of Qazlal.
  6131 | D:7      | Reached ** piety under Ashenzari
  6538 | D:7      | Noticed an ice statue
  6734 | D:8      | Noticed theAP's ghost (novice GrFi)
  7143 | D:8      | Killed theAP's ghost
  7143 | D:8      | Reached skill level 11 in Maces & Flails
  7143 | D:8      | Reached XP level 10. HP: 23/66 MP: 10/10
  7349 | D:8      | Found a hazy altar of Hepliaklqana.
  7787 | D:8      | Found a deep blue altar of Sif Muna.
  7845 | D:8      | Found Hiun's Jewellery Boutique.
  7867 | D:8      | Reached skill level 12 in Maces & Flails
  7872 | D:8      | Bought a +3 ring of strength for 251 gold pieces
  8145 | D:9      | Found a staircase to the Orcish Mines.
  8268 | D:9      | Found a roughly hewn altar of Beogh.
  8276 | D:9      | HP: 3/68 [orc priest/divine providence (11)]
  8283 | D:9      | HP: 5/102 [orc warrior/halberd (6)]
  8288 | D:9      | HP: 2/102 [orc/short sword (2)]
  8296 | D:9      | Slain by an orc warrior

Skill      XL: |  1  2  3  4  5  6  7  8  9 10 |
---------------+-------------------------------+-----
Maces & Flails | 3 4 6 7 9 11 12 | 12.3
Fighting       | 4 5 6 7 9 |  9.9
Armour         | |  3.5
Shields        | |  3.4

Action                   |  1- 3 |  4- 6 |  7- 9 | 10-12 || total
-------------------------+-------+-------+-------+-------++-------
Melee: Flail             |   133 |   219 |   245 |       ||   597
       Whip              |       |       |   331 |   240 ||   571
Invok: Curse Item        |       |     2 |     4 |       ||     6
Evoke: Wand              |       |       |     3 |       ||     3
  Use: Potion            |       |     4 |       |     4 ||     8
       Scroll            |       |       |    19 |     1 ||    20
  Eat: Chunk             |       |     8 |     9 |     8 ||    25
       Bread ration      |       |     1 |       |       ||     1
Armor: Scale mail        |    24 |       |       |       ||    24
       Plate armour      |    76 |   195 |   295 |    71 ||   637
       Skin              |       |       |       |    19 ||    19
Dodge: Dodged            |    22 |    39 |   106 |    24 ||   191
Block: Shield            |    63 |   138 |   268 |    73 ||   542
